 Dungeon Crawl Stone Soup version 0.31.0-9-g3a7656b989 (webtiles) character file.

Game seed: 6911683414165214030

70 qw the Shooter (level 4, 0/25 HPs)
             Began as a Deep Elf Hunter on Feb 2, 2024.
             Slain by a gnoll
             ... wielding a +0 club
              (7 damage)
             ... on level 3 of the Dungeon.
             The game lasted 00:00:04 (1452 turns).

qw the Shooter (Deep Elf Hunter)                    Turns: 1452, Time: 00:00:05

Health: 0/25       AC:  5    Str: 10    XL:     4   Next: 4%
Magic:  6/6        EV: 11    Int: 14    God:
Gold:   35         SH:  0    Dex: 18    Spells: 3/3 levels left

rFire   . . .        a - +0 shortbow (heavy)
rCold   . . .        (shield currently unavailable)
rNeg    . . .        b - +0 ring mail
rPois   .            (no helmet)
rElec   .            (no cloak)
rCorr   .            (no gloves)
SInv    .            (no boots)
Will    .....        (no amulet)
Stlth   +            (no ring)
HPRegen 0.24/turn    (no ring)
MPRegen 0.10/turn

%: no passive effects
@: no status effects
A: no striking features
a: no special abilities


You were on level 3 of the Dungeon.
You visited 1 branch of the dungeon, and saw 3 of its levels.

You collected 67 gold pieces.
You spent 32 gold pieces at shops.


   Skills:
 - Level 1.5 Fighting
 + Level 7.4 Ranged Weapons
 - Level 2.4 Dodging
 - Level 1.2 Stealth


You had 3 spell levels left.
You didn't know any spells.
Your spell library was empty.

Inventory:

Hand Weapons
 a - a +0 heavy shortbow (weapon)
Armour
 b - a +0 ring mail (worn)
Scrolls
 c - a scroll of identify
 f - a scroll of teleportation
Potions
 d - a potion of might

Dungeon Overview and Level Annotations

Branches:
Dungeon (3/15)

Altars:
Elyvilon
Zin
The Shining One

Shops:
D:2 *


Message History

What level of the Dungeon? (default 2, ? - help)
You see here a +0 robe.
There is a stone staircase leading down here.
You climb downwards.
There is a stone staircase leading up here.
Waypoint 2 assigned to D:3.
Found a glowing golden altar of the Shining One.
Found a white marble altar of Elyvilon.
Found a glowing silver altar of Zin.
There is a glowing golden altar of the Shining One here.
c - a scroll of identify
There is a glowing golden altar of the Shining One here.
A giant cockroach comes into view.
Found 7 gold pieces.
You shoot an arrow. The arrow hits the giant cockroach!
You kill the giant cockroach!
You see here a giant cockroach corpse.
You now have enough gold to buy a scroll of identify on D:2.
You can access your shopping list by pressing '$'.
You now have 35 gold pieces (gained 7).
Found a stone staircase leading up.
Found a stone staircase leading up.
There is a stone staircase leading up here.
There is a stone staircase leading up here. 4 gnolls come into view.
The gnoll shouts! x2
You shoot an arrow. The arrow barely misses the gnoll.
The gnoll shouts!
You shoot an arrow.
The arrow hits the gnoll but does no damage.
The gnoll hits you with a +0 club. The gnoll closely misses you.
The gnoll hits you with a +0 club. The gnoll barely misses you.
You shoot an arrow. The arrow barely misses the gnoll.
The gnoll hits you with a +0 club.
The gnoll hits you from afar with a +0 halberd.
You shoot an arrow. The arrow hits the gnoll!
The gnoll is heavily wounded.
The gnoll closely misses you. The gnoll barely misses you.
The gnoll hits you with a +0 club!
You die...

# .. # #.
########### #.
#........## #g
##.######.##
#g#.####...#####<##
#g#................
#g######...########
#.@.......##
###########


You could see 4 gnolls.

Vanquished Creatures
  4 adders (D:2)
  A dart slug (D:2)
  4 bats
  3 endoplasms (D:1)
  3 giant cockroaches
  A goblin (D:1)
  3 hobgoblins
  2 quokkas (D:1)
  2 ball pythons (D:1)
  3 frilled lizards (D:2)
  2 kobolds
  3 rats
31 creatures vanquished.

Notes
Turn   | Place    | Note
-------+----------+-------------------------------------------
     0 | D:1      | qw the Deep Elf Hunter began the quest for the Orb.
     0 | D:1      | Reached XP level 1. HP: 12/12 MP: 3/3
     0 | D:1      | 0 ||| qw: Version: 0.3-a-155-g5e7d8dd
     0 | D:1      | 0 ||| qw: Game counter: 136
     0 | D:1      | 0 ||| qw: Melee chars always use a shield: true
     0 | D:1      | 0 ||| qw: God list: Okawaru
     0 | D:1      | 0 ||| qw: Allow faded altars: false
     0 | D:1      | 0 ||| qw: Do Orc after clearing Dungeon:15 true
     0 | D:1      | 0 ||| qw: Do second Lair branch before Depths: true
     0 | D:1      | 0 ||| qw: Lair rune preference: random
     0 | D:1      | 0 ||| qw: Goals: Normal
     0 | D:1      | 0 ||| PLANNING D:1-11
   220 | D:1      | Reached XP level 2. HP: 16/16 MP: 4/4
   231 | D:1      | Reached skill level 6 in Ranged Weapons
   539 | D:1      | 539 ||| DROPPING ring of magical power.
   540 | D:1      | 540 ||| READING 3 scrolls labelled UROZUVU KAYBIKH.
   540 | D:1      | 540 ||| IDENTIFYING scroll labelled CEBYDU WUAFIARCH
   541 | D:1      | 541 ||| READING 2 scrolls of identify.
   541 | D:1      | 541 ||| IDENTIFYING scroll labelled XAUXKIEDOPT
   542 | D:1      | 542 ||| DROPPING scroll of butterflies.
   543 | D:1      | 543 ||| DROPPING scroll of fear.
   723 | D:2      | Found a faded altar of an unknown god.
   754 | D:2      | Reached XP level 3. HP: 20/20 MP: 5/5
   888 | D:2      | Reached skill level 7 in Ranged Weapons
   964 | D:2      | Found Nufaj's Assorted Antiques.
   971 | D:2      | 971 ||| SHOPLISTING faintly glowing leather armour (112
                  | gold, have 60).
   971 | D:2      | 971 ||| SHOPLISTING pair of gloves (72 gold, have 60).
   971 | D:2      | 971 ||| BUYING scroll labelled JAILEB KALO (16 gold).
   971 | D:2      | Bought a scroll labelled JAILEB KALO for 16 gold pieces
   971 | D:2      | 971 ||| BUYING scroll labelled KOQESTR PEAJALO (16 gold).
   971 | D:2      | Bought a scroll labelled KOQESTR PEAJALO for 16 gold pieces
   971 | D:2      | 971 ||| SHOPLISTING scroll of identify (32 gold, have 28).
  1058 | D:2      | Reached XP level 4. HP: 25/25 MP: 6/6
  1205 | D:2      | 1205 ||| UPGRADING to +0 ring mail.
  1215 | D:2      | 1215 ||| DROPPING +0 leather armour.
  1216 | D:2      | 1216 ||| READING 2 scrolls of identify.
  1216 | D:2      | 1216 ||| IDENTIFYING bubbling golden potion
  1217 | D:2      | 1217 ||| READING scroll of identify.
  1217 | D:2      | 1217 ||| IDENTIFYING scroll labelled CAHEUQ IGIFOOF
  1218 | D:2      | 1218 ||| READING scroll labelled UPNEZE VOETIT.
  1219 | D:2      | 1219 ||| READING scroll labelled JAILEB KALO.
  1320 | D:2      | 1320 ||| READING scroll labelled KOQESTR PEAJALO.
  1320 | D:2      | 1320 ||| BRANDING +0 shortbow.
  1321 | D:2      | 1321 ||| DROPPING scroll of blinking.
  1357 | D:3      | Found a glowing golden altar of the Shining One.
  1361 | D:3      | Found a white marble altar of Elyvilon.
  1362 | D:3      | Found a glowing silver altar of Zin.
  1452 | D:3      | Slain by a gnoll

Levels and vault maps discovered:
D:1:      dpeg_arrival_windows_large_door, layout_basic
D:2:      layout_loops_ring, serial_shops, nicolae_shop_statue_plus,
          ebering_ecumenical_altar_sacrificial
D:3:      layout_loops_ring, good_gods_temple_1, grunt_decor_one_mirror,
          dk_noncrumbling_3, uniq_robin

Skill      XL: |  1  2  3 |
---------------+----------+-----
Ranged Weapons | 6 7 |  7.4
Fighting       | |  1.5
Dodging        | |  2.4
Stealth        | |  1.2

Action                     |  1- 3 |  4- 6 || total
---------------------------+-------+-------++-------
   Fire: Shortbow          |    91 |     5 ||    96
    Use: Scroll            |     2 |     5 ||     7
 Armour: Leather armour    |    15 |       ||    15
         Ring mail         |       |     5 ||     5
  Dodge: Dodged            |    12 |     4 ||    16

Table legend:
 A = Non-vault XP
 B = Vault XP
 C = Vault XP percentage of total XP
 D = Non-vault monster count
 E = Vault monster count
 F = Vault count percentage of total count
                 A         B        C        D         E       F
            +---------+---------+-------+---------+---------+-------
      Total |     101 |       0 |   0.0 |      31 |       0 |   0.0
            +---------+---------+-------+---------+---------+-------
        D:1 |      26 |       0 |   0.0 |      15 |       0 |   0.0
        D:2 |      73 |       0 |   0.0 |      15 |       0 |   0.0
        D:3 |       2 |       0 |   0.0 |       1 |       0 |   0.0
            +---------+---------+-------+---------+---------+-------
